 Dungeon Crawl Stone Soup version 0.19-a0-1697-g0595f0e (webtiles) character file.

523 GrosslyIncandescent the Insei (level 7, 0/52 HPs)
             Began as a Mummy Monk on Sept 26, 2016.
             Slain by Sigmund
             ... wielding a +0 scythe
              (8 damage)
             ... on level 4 of the Dungeon.
             The game lasted 00:06:08 (5929 turns).

GrosslyIncandescent the Insei (Mummy Monk)          Turns: 5929, Time: 00:06:09

Health: 0/52       AC:  3    Str: 14    XL:     7   Next: 2%
Magic:  7/7        EV: 15    Int:  9    God:
Gold:   190        SH:  0    Dex: 17    Spells: 0 memorised, 6 levels left

rFire  x . .     SeeInvis +       - Unarmed
rCold  + . .     Gourm    .     (no armour)
rNeg   + + +     Faith    .     (no shield)
rPois  ∞         Spirit   .     d - +0 helmet
rElec  .         Dismiss  .     (no cloak)
rCorr  .         Reflect  .     c - +0 pair of gloves
MR     .....     Harm     .     (no boots)
Stlth  +++.......               (no amulet)
                                n - ring of stealth
                                b - ring of see invisible

@: no status effects
A: no food or potions, fire vulnerability, cold resistance 1, negative energy
resistance 3, torment resistance, unbreathing
a: no special abilities


You were on level 4 of the Dungeon.
You were not hungry.

You visited 1 branch of the dungeon, and saw 5 of its levels.

You collected 190 gold pieces.


Innate Abilities, Weirdness & Mutations

You do not eat or drink.
Your flesh is vulnerable to fire.
You are immune to poison.
Your flesh is cold resistant. (rC+)
You are immune to negative energy. (rN+++)
You are immune to unholy pain and torment.
You can survive without breathing.


   Skills:
 - Level 3.0 Fighting
 - Level 4.6 Dodging
 - Level 1.5 Stealth
 + Level 5.3 Unarmed Combat


You had 6 spell levels left.
You didn't know any spells.

Inventory:

Armour
 c - a +0 pair of gloves (worn)
 d - a +0 helmet (worn)
Jewellery
 b - a ring of see invisible (left hand)
 k - an uncursed amulet of harm {unknown}
 n - a ring of stealth (right hand)
Scrolls
 a - 2 scrolls of remove curse
 e - a scroll of amnesia
 f - a scroll of random uselessness
 g - 4 scrolls of noise {!r}
 i - 3 scrolls of enchant weapon
 j - 2 scrolls of fear
 l - a scroll of fog
 m - a scroll of teleportation {@r4}

Dungeon Overview and Level Annotations

Branches:
Dungeon (5/15)
 Temple: D:4-7

Altars:
Ashenzari
Elyvilon
Nemelex Xobeh
Ru
Xom

Annotations:
D:3 1 runed door
D:4 Sigmund

..▒▒▒▒.............
..▒ ▒▒▒▒▒.▒▒▒▒▒▒▒▒
..▒ ▒.▒ ..▒▒▒ ▒.▒
....▒ ▒.▒ ▒.▒.▒ ▒.▒
▒.▒.▒ ▒.▒ ▒.▒.▒ ▒.▒
▒▒▒▒▒▒.▒ ▒.▒.▒ ▒.▒
▒..M@..▒ ▒.▒.▒ ▒.▒
▒.▒▒▒▒▒▒ ▒%▒.▒ ▒.▒
▒.▒ ..▒.▒ ▒.▒ ▒.▒
▒▒▒.▒ ▒.▒ ▒.▒ ▒ ▒.▒
▒.▒ ▒.▒ ▒▒▒.▒ ▒▒.▒
▒.▒ ....▒ ▒..▒ ▒.▒
▒▒▒▒▒ ▒.▒▒ ▒.▒▒▒▒


You could see Sigmund (invisible).


Message History

You barely miss Sigmund! Your punch misses Sigmund!
Sigmund is moderately wounded!
You pulverise Sigmund but do no damage!
Sigmund is moderately wounded!
Sigmund hits you with a scythe!!! * * * don't die
* * * You pummel Sigmund like a punching bag!
Sigmund is moderately wounded!
Sigmund hits you with a scythe! * * * don't die
* * * You closely miss Sigmund!
Sigmund is moderately wounded!
You beat Sigmund but do no damage!
Sigmund is moderately wounded!
Sigmund closely misses you!
You closely miss Sigmund!
Sigmund is moderately wounded!
You barely miss Sigmund!
Sigmund is moderately wounded!
Sigmund barely misses you!
You closely miss Sigmund!
Sigmund is moderately wounded!
Sigmund hits you with a scythe!!! * * * don't die
* * * You barely miss Sigmund!
Sigmund is moderately wounded!
You pummel Sigmund but do no damage!
Sigmund is moderately wounded!
Sigmund hits you with a scythe!!! rip

Action                   |  1- 3 |  4- 6 |  7- 9 || total
-------------------------+-------+-------+-------++-------
Melee: Unarmed           |   155 |   286 |    30 ||   471
       Punch             |     2 |    10 |       ||    12
  Use: Scroll            |       |     6 |     2 ||     8
 Stab: Sleeping          |     6 |     2 |     1 ||     9
       Distracted        |       |     1 |       ||     1
Armor: Skin              |    18 |    28 |     1 ||    47
Dodge: Dodged            |   108 |   164 |    14 ||   286

Vault maps used:
D:1:      minmay_arrival_hallway
D:2:      nicolae_overflow_hidden_temple, minmay_ruptured, uniq_robin
D:3:      gammafunk_temple_overflow_forgotten, uniq_crazy_yiuf_cottage,
          uniq_iyjb
D:4:      overflow_temple_1_default, first_bread, patterned_corridor,
          uniq_sigmund

Notes
Turn   | Place    | Note
-------+----------+-------------------------------------------
     0 | D:1      | GrosslyIncandescent the Mummy Monk began the quest for the Orb.
     0 | D:1      | Reached XP level 1. HP: 18/18 MP: 1/1
   322 | D:1      | Reached XP level 2. HP: 24/24 MP: 2/2
   326 | D:1      | Reached skill level 3 in Unarmed Combat
   815 | D:1      | Reached XP level 3. HP: 27/29 MP: 3/3
  1272 | D:2      | Noticed Robin
  1859 | D:2      | Killed Robin
  1859 | D:2      | Reached skill level 4 in Unarmed Combat
  1859 | D:2      | Reached XP level 4. HP: 30/35 MP: 4/4
  2243 | D:2      | Found a shattered altar of Ashenzari.
  2822 | D:3      | Noticed Ijyb
  2858 | D:3      | Killed Ijyb
  3107 | D:3      | Found a sacrificial altar of Ru.
  3249 | D:3      | Found a runed door.
  3284 | D:3      | Reached XP level 5. HP: 41/41 MP: 5/5
  3352 | D:3      | Found a shimmering altar of Xom.
  3365 | D:3      | Found a white marble altar of Elyvilon.
  3503 | D:3      | Reached skill level 5 in Unarmed Combat
  3715 | D:3      | Reached skill level 3 in Dodging
  4386 | D:3      | Reached XP level 6. HP: 29/47 MP: 6/6
  4600 | D:3      | Reached skill level 4 in Dodging
  5110 | D:4      | Reached XP level 7. HP: 24/52 MP: 7/7
  5808 | D:4      | You fall through a shaft!
  5808 | D:5      | Entered Level 5 of the Dungeon
  5903 | D:4      | Found a sparkling altar of Nemelex Xobeh.
  5913 | D:4      | Noticed Sigmund
  5929 | D:4      | Slain by Sigmund

Vanquished Creatures
  An ogre (D:3)
  A big kobold (D:3)
  A scorpion (D:4)
  A hound (D:4)
  An orc priest (D:3)
  A centaur zombie (D:3)
  Ijyb (D:3)
  2 worker ants (D:4)
  Robin (D:2)
  2 adders (D:2)
  3 oozes
  5 dart slugs
  6 leopard geckos
  10 orcs
  5 bats
  2 giant cockroaches
  20 goblins
  8 hobgoblins
  8 kobolds
  2 ball pythons
  8 frilled lizards
  9 rats
98 creatures vanquished.
